 Dungeon Crawl Stone Soup version 0.16-a0-4115-ga5ed934 (webtiles) character file.

65 McCoppin the Slasher (level 3, -1/29 HPs)
             Began as a Demonspawn Fighter on Mar 1, 2015.
             Slain by Crazy Yiuf
             ... wielding a +3 quarterstaff of chaos
              (7 damage)
             ... on level 2 of the Dungeon.
             The game lasted 00:07:11 (1910 turns).

McCoppin the Slasher (Demonspawn Fighter)           Turns: 1910, Time: 00:07:12

Health: -1/29      AC: 12    Str: 21    XL:     3   Next: 94%
Magic:  3/3        EV: 17    Int:  9    God:
Gold:   112        SH:  0    Dex: 13    Spells: 0 memorised, 2 levels left

rFire  . . .     SeeInvis .     a - melded +0 long sword
rCold  . . .     Clarity  .     s - melded +0 plate armour
rNeg   + + +     SustAb   .     c - melded +0 shield
rPois  +         Gourm    .     (no helmet)
rElec  .         Spirit   .     (cloak currently unavailable)
rCorr  .         Warding  .     (gloves currently unavailable)
rMut   .         Stasis   .     u - melded +0 pair of boots
MR     .....                    (no amulet)
Stlth  +.........               (no ring)
                                l - +1 ring of slaying

@: mighty, lethally poisoned (-1 -> -5), fungus-form, slowed, very slow, not
resistant to hostile enchantments, very unstealthy
A: rot immunity
a: no special abilities


You were on level 2 of the Dungeon.
You were not hungry.
You were a sentient fungus.
You visited 1 branch of the dungeon, and saw 2 of its levels.

You collected 112 gold pieces.

Inventory:

Hand weapons
 a - a +0 long sword (melded)
Armour
 b - a +0 scale mail
 c - a +0 shield (melded)
 n - a +0 chain mail
 s - a +0 plate armour (melded)
 u - a +0 pair of boots (melded)
Jewellery
 l - a +1 ring of slaying (left hypha)
 p - a cursed ring of teleportation {unknown}
Scrolls
 f - 2 scrolls of identify {unknown}
 h - a scroll of enchant weapon {unknown}
 i - 2 scrolls of blinking
 o - a scroll of magic mapping {unknown}
Potions
 g - 2 potions of mutation {unknown}
 j - a potion of resistance {unknown}
 k - a potion of curing {unknown}
 m - a potion of heal wounds {unknown}
 r - a potion of brilliance {unknown}
 t - a potion of cancellation {unknown}
Comestibles
 d - a bread ration
 q - a beef jerky


   Skills:
 - Level 3.0 Fighting
 + Level 3.9 Long Blades
 - Level 2.6 Armour
 - Level 2.6 Shields


You had 2 spell levels left.
You didn't know any spells.

Dungeon Overview and Level Annotations

Branches:
Dungeon (2/15)

Altars:
Zin

Annotations:
D:2 Crazy Yiuf


Innate Abilities, Weirdness & Mutations

You are immune to rotting.


Message History

Crazy Yiuf hits you but does no damage.
You are poisoned.
You hit Crazy Yiuf.
Crazy Yiuf is moderately wounded.
You feel sick. Crazy Yiuf barely misses you.
Crazy Yiuf says, "Crazy?
Crazy!?
PORCUPINE!"
Crazy Yiuf hits you with a quarterstaff of chaos!
* * * LOW HITPOINT WARNING * * *
You turn into a sentient fungus.
Your +0 long sword melds into your body.
Your +0 pair of boots melds into your body.
Your +0 shield melds into your body.
Your +0 plate armour melds into your body.
You release spores at Crazy Yiuf!
Crazy Yiuf appears confused.
Crazy Yiuf is almost dead.
You feel sick.
Crazy Yiuf says, "Perhaps I shall have lamb for dinner."
Crazy Yiuf completely misses you.
Crazy Yiuf hits you with a quarterstaff of chaos!
You die...

### #.. ..# #.### #.#<# #
###.#.##♣♣♣♣♣ ##.#
#.....'.P.♣f♣♣♣ ...#
#.#.#...P..♣g.♣
######.#.......♣♣♣♣.....#
### # ##......+..♣♣
♣#..)# #.##### #
#.......##♣♣ ### #.....#
####.......# #.###.#
...........# ### #.#
####.......# ### #######
#.# #........#
#.###..##.####.#


You could see Crazy Yiuf (confused).

Vanquished Creatures
  Robin (D:2)
  An adder (D:2)
  An ooze (D:1)
  7 bats
  2 giant cockroaches (D:1)
  12 goblins
  4 hobgoblins (D:2)
  5 jackals
  2 kobolds (D:1)
  2 giant newts
  A quokka (D:2)
  5 rats (D:1)
43 creatures vanquished.

Notes
Turn   | Place    | Note
--------------------------------------------------------------
     0 | D:1      | McCoppin, the Demonspawn Fighter, began the quest for the Orb.
     0 | D:1      | Reached XP level 1. HP: 18/18 MP: 1/1
   248 | D:1      | Gained mutation: You are immune to rotting. [demonic ancestry]
   248 | D:1      | Reached XP level 2. HP: 12/24 MP: 2/2
  1125 | D:2      | Found a glowing silver altar of Zin.
  1127 | D:2      | Noticed Robin
  1167 | D:2      | Reached XP level 3. HP: 25/29 MP: 3/3
  1571 | D:2      | Killed Robin
  1888 | D:2      | Noticed Crazy Yiuf
  1910 | D:2      | Slain by Crazy Yiuf

Action                   || total
-------------------------++-------
Melee: Long sword        ||   196
       Unarmed           ||     1
  Use: Scroll            ||     5
       Potion            ||     1
  Eat: Bread ration      ||     1
